 Seeded DCSS version 0.30-a0-879-ga8ba668304 (webtiles) character file.

Game seed: 3428853487130244560 (custom seed)

122 bmack86 the Shield-Bearer (level 4, -7/41 HPs)
             Began as a Minotaur Fighter on Mar 13, 2023.
             Mangled by an iron imp (8 damage)
             ... summoned by Natasha
             ... on level 2 of the Dungeon.
             The game lasted 00:02:03 (1183 turns).

bmack86 the Shield-Bearer (Minotaur Fighter)        Turns: 1183, Time: 00:02:04

Health: -7/41      AC:  7    Str: 22    XL:     4   Next: 78%
Magic:  3/3        EV:  9    Int:  5    God:
Gold:   140        SH:  4    Dex: 10    Spells: 3/3 levels left

rFire   . . .      SeeInvis .    a - +0 war axe
rCold   . . .      Faith    .    c - +0 buckler
rNeg    . . .      Spirit   .    b - +0 scale mail
rPois   .          Reflect  .    (helmet restricted)
rElec   .          Rampage  .    (no cloak)
rCorr   .                        (no gloves)
Will    .....                    (no boots) Stlth
                                 (no amulet)
HPRegen 0.26/turn                (no ring)
MPRegen 0.08/turn                (no ring)

@: slowed, very slow
A: horns 2, retaliatory headbutt
a: no special abilities


You were on level 2 of the Dungeon.
You visited 1 branch of the dungeon, and saw 2 of its levels.

You collected 140 gold pieces.

Inventory:

Hand Weapons
 a - a +0 war axe (weapon)
Armour
 b - a +0 scale mail (worn)
 c - a +0 buckler (worn)
Scrolls
 e - 5 scrolls of identify {unknown}
 f - a scroll of blinking {unknown}
 h - 3 scrolls of fog {unknown}
Potions
 d - a potion of might
 g - a potion of berserk rage {unknown}


   Skills:
 + Level 4.4 Fighting
 * Level 4.3 Axes
 + Level 4.3 Armour
 + Level 4.4 Shields


You had 3 spell levels left.
You didn't know any spells.
Your spell library contained the following spells:

 Spells                   Type           Power      Damage    Failure   Level
 Necrotise                Necr           0%         1d4       87%         1
 Summon Small Mammal      Summ           0%         N/A       87%         1
 Call Canine Familiar     Summ           0%         N/A       99%         3
 Gell's Gravitas          Tloc           0%         N/A       99%         3
 Summon Guardian Golem    Hex/Summ       0%         N/A       99%         3
 Teleport Other           Tloc           0%         N/A       99%         3
 Agony                    Necr           0%         N/A       100%        5
 Dispersal                Tloc           0%         N/A       100%        6
 Starburst                Conj/Fire      0%         6d3       100%        6
 Borgnjor's Revivificati  Necr           0%         N/A       100%        8


Dungeon Overview and Level Annotations

Branches:
Dungeon (2/15)

Altars:

Shops:
D:1 (

Annotations:
D:2 Natasha


Innate Abilities, Weirdness & Mutations

You have a pair of horns on your head.
You reflexively headbutt those who attack you in melee.


Message History

You hear some strange, mumbled words.
You barely miss something. Something claws you.
* * * LOW HITPOINT WARNING * * *
You hear some strange, mumbled words.
You barely miss something. Your headbutt misses something.
Natasha appears from thin air!
Reactivating autopickup.
Natasha claws you.
* * * LOW HITPOINT WARNING * * *
You block Natasha's attack. The shadow imp puffs mist at you.
You hit Natasha.
You kill Natasha!
Natasha growls in agony!
The shadow imp disappears in a puff of smoke! x2
The white imp disappears in a puff of smoke!
Natasha, Servant of Life and Death comes into view.
Natasha hisses angrily.
Found a scroll labelled CIYCLE ISMUPP.
Natasha mumbles some strange words.
Natasha claws you.
* * * LOW HITPOINT WARNING * * *
You hit Natasha.
Natasha is lightly wounded.
You barely miss the iron imp. Natasha casts a spell at you.
You resist with some effort. The iron imp closely misses you.
You closely miss Natasha.
Natasha is lightly wounded.
You hit the iron imp. Natasha closely misses you.
The iron imp closely misses you. You furiously retaliate!
You headbutt the iron imp. Natasha claws you.
* * * LOW HITPOINT WARNING * * *
The iron imp lashes its tail.
The iron imp closely misses you.
You closely miss Natasha.
Natasha is lightly wounded.
You hit the iron imp but do no damage. Natasha claws you but does no damage.
The iron imp hits you!
You die...

## .#### ######### #...#
#.......# .##(#
#.......#
.##.##########.......###
.##.............@h....?.
..############...5...###
#.# #....[..# #.#
#.......#
#.#############.#.####
#...†........ ..#.#
#..##.#####.. .....
#..##.# ##..### #..##.#


You could see an iron imp (summoned) and Natasha.

Vanquished Creatures
  Natasha (twice) (D:2)
  3 adders (D:2)
  A worm (D:2)
  3 dart slugs (D:1)
  2 ball pythons
  5 bats
  9 endoplasms
  5 goblins
  2 hobgoblins (D:1)
  A frilled lizard (D:2)
  A kobold (D:1)
  2 rats (D:2)
36 creatures vanquished.

Notes
Turn   | Place    | Note
-------+----------+-------------------------------------------
     0 | D:1      | bmack86 the Minotaur Fighter began the quest for the Orb.
     0 | D:1      | Reached XP level 1. HP: 19/19 MP: 0/0
    43 | D:1      | Found Zofunism's Antique Weapon Shop.
   260 | D:1      | Reached XP level 2. HP: 22/27 MP: 1/1
   281 | D:1      | Got Sif Muna's Enchiridion on Corpses and the Arsonist
   580 | D:1      | Found a faded altar of an unknown god.
   926 | D:2      | Reached XP level 3. HP: 33/33 MP: 2/2
   966 | D:2      | Noticed Natasha
   972 | D:2      | Killed Natasha
   976 | D:2      | Reached XP level 4. HP: 37/40 MP: 3/3
  1159 | D:2      | Noticed Natasha
  1176 | D:2      | Killed Natasha
  1178 | D:2      | Noticed Natasha
  1180 | D:2      | HP: 1/41 [Natasha (6)]
  1183 | D:2      | Mangled by an iron imp

Illustrated notes

Levels and vault maps discovered:
D:1:      dpeg_arrival_central, layout_basic, serial_shops, shop,
          hellmonk_ecumenical_altar_heavens_door
D:2:      layout_loops_ring, kennysheep_nub, uniq_natasha

Skill      XL: |  1  2  3  4 |
---------------+-------------+-----
Axes           | 3 4 |  4.3
Fighting       | 4 |  4.4
Armour         | 4 |  4.3
Shields        | 4 |  4.4

Action                     |  1- 3 |  4- 6 || total
---------------------------+-------+-------++-------
  Melee: War axe           |    35 |    34 ||    69
         Headbutt          |     7 |     2 ||     9
 Armour: Scale mail        |    21 |    18 ||    39
  Dodge: Dodged            |    21 |    13 ||    34
  Block: Buckler           |     5 |     6 ||    11

Table legend: (Time is in decaauts)
 A = Elapsed time spent in this place.
 B = Non-inter-level travel time spent in this place.
 C = Inter-level travel time spent in this place.
 D = Time resting spent in this place.
 E = Time spent auto-exploring this place.
 F = Levels seen in this place.
 G = Mean time per level.
                   A        B        C        D        E       F      G
               +--------+--------+--------+--------+--------+-----+--------+
         Total |   1221 |   1205 |     16 |      0 |    885 |   2 |  610.5 |
       Dungeon |   1221 |   1205 |     16 |      0 |    885 |   2 |  610.5 |
               +--------+--------+--------+--------+--------+-----+--------+

Top non-repeatable levels by time:
     D:1: 930 daAuts
     D:2: 290 daAuts
